Map: 2000 Atmospheres LE

Players

DrogoTalks - Winner!

  • Race: Protoss Protoss
  • League: Grandmaster

simphunter

  • Race: Zerg Zerg
  • League: Master

VOD

Have the link to the VOD?

Description

amongus

Time

  • Played on: April 28, 2021, 12:24 p.m.
  • Length: 18:05
Show
View Real Time Build Order
Export as new Build Order

DrogoTalks Protoss - Winner!

Build Orders: 1 Gate Expand, Oracle Opening, Zealot Archon 

Get SALT Encoding   

  12  0:00  Probe  
  13  0:13  Probe  
  14  0:19  Pylon  
  14  0:25  Probe (Chrono Boost)  
  15  0:37  Probe (Chrono Boost)  
  15  0:40  Gateway  
  16  0:46  Probe (Chrono Boost)  
  17  0:50  Assimilator  
  17  0:51  Probe  
  18  1:04  Probe  
  19  1:16  Probe  
  20  1:27  Nexus  
  20  1:38  Cybernetics Core  
  20  1:39  Probe  
  21  1:46  Assimilator  
  21  1:51  Probe  
  22  1:56  Pylon  
  22  2:03  Probe  
  23  2:12  Adept (Chrono Boost)  
  25  2:15  Probe  
  25  2:18  Stargate  
  26  2:28  Warp Gate, Probe (Chrono Boost)  
  27  2:34  Adept  
  29  2:39  Probe (Chrono Boost)  
  31  2:46  Probe (Chrono Boost)  
  31  2:48  Probe (Chrono Boost)  
  32  2:53  Probe x2 (Chrono Boost)  
  34  3:00  Oracle (Chrono Boost)  
  34  3:04  Probe  
  38  3:07  Pylon  
  38  3:08  Probe  
  38  3:09  Zealot  
  41  3:16  Probe  
  42  3:20  Probe  
  42  3:25  Gateway  
  43  3:27  Oracle (Chrono Boost)  
  43  3:30  Probe  
  43  3:32  Probe  
  48  3:42  Probe  
  48  3:44  Probe  
  48  3:48  Pylon  
  50  3:56  Oracle (Chrono Boost)  
  50  4:00  Nexus  
  53  4:03  Probe  
  53  4:06  Probe  
  53  4:08  Assimilator  
  55  4:10  Assimilator  
  55  4:14  Pylon  
  55  4:16  Probe  
  56  4:17  Stalker  
  56  4:19  Probe  
  56  4:33  Probe  
  56  4:34  Probe  
  57  4:39  Twilight Council  
  57  4:40  Forge  
  57  4:45  Probe (Chrono Boost), Gateway  
  54  4:46  Probe (Chrono Boost)  
  54  4:48  Gateway  
  56  4:58  Probe x2 (Chrono Boost)  
  58  5:04  Probe x2 (Chrono Boost), Zealot, Sentry  
  64  5:08  Robotics Facility  
  64  5:09  Shield Battery  
  64  5:12  Probe (Chrono Boost)  
  67  5:16  Protoss Ground Weapons Level 1  
  67  5:18  Probe x2 (Chrono Boost)  
  68  5:21  Probe (Chrono Boost)  
  68  5:25  Probe x2 (Chrono Boost)  
  68  5:26  Probe (Chrono Boost)  
  70  5:30  Charge  
  71  5:38  Probe x2 (Chrono Boost)  
  71  5:39  Probe (Chrono Boost)  
  71  5:41  Assimilator  
  71  5:42  Assimilator  
  73  5:44  Templar Archives  
  73  5:49  Gateway  
  76  5:50  Probe (Chrono Boost), Gateway  
  76  5:53  Probe x2 (Chrono Boost)  
  76  5:55  Warp Prism (Chrono Boost), Probe (Chrono Boost)  
  79  6:00  Probe x2, Gateway  
  79  6:03  Pylon  
  81  6:05  Probe  
  82  6:12  Probe, Pylon  
  82  6:13  Probe  
  82  6:15  Pylon  
  82  6:17  Probe  
  85  6:24  Probe  
  85  6:25  Robotics Bay  
  86  6:26  Observer (Chrono Boost)  
  86  6:29  Photon Cannon  
  86  6:30  Pylon  
  87  6:35  Gateway  
  87  6:36  Gateway  
  87  6:38  High Templar x2  
  91  6:44  Archon, Immortal (Chrono Boost), High Templar x2  
  99  6:48  Archon  
  99  6:55  Pylon  
  99  7:03  Zealot x3  
  105  7:13  Immortal (Chrono Boost), Probe  
  105  7:14  Pylon  
  110  7:26  Probe  
  110  7:27  Nexus  
  110  7:28  High Templar x4  
  110  7:29  Zealot x3, Pylon  
  125  7:32  Pylon  
  125  7:37  Protoss Ground Weapons Level 2 (Chrono Boost)  
  125  7:43  Psionic Storm  
  126  7:44  Probe x2  
  126  7:47  Probe  
  126  7:48  Pylon  
  128  7:52  Archon x2  
  128  7:56  Zealot x5  
  138  8:05  Stalker x4  
  138  8:09  Probe  
  141  8:13  Twilight Council  
  141  8:16  Zealot x5  
  141  8:18  Disruptor (Chrono Boost)  
  154  8:20  Probe x2  
  154  8:23  Probe  
  157  8:32  Pylon  
  157  8:34  Pylon  
  157  8:37  Pylon  
  157  8:39  Probe  
  156  8:43  High Templar x2  
  156  8:44  Probe  
  156  8:45  Pylon  
  156  8:46  Disruptor (Chrono Boost)  
  156  8:47  Assimilator  
  159  8:51  Zealot x2  
  159  8:52  Assimilator, Photon Cannon  
  159  8:54  Photon Cannon  
  159  8:55  Shield Battery  
  166  8:57  Zealot x3  
  170  9:05  Stalker x2  
  162  9:13  Zealot x2  
  160  9:18  Zealot x5  
  152  9:31  Zealot x2  
  152  9:36  Archon  
  152  9:38  Zealot  
  152  9:39  Disruptor (Chrono Boost)  
  152  9:44  Probe  
  148  9:46  Zealot x5  
  148  9:47  Probe  
  148  9:50  Probe  
  158  9:56  High Templar  
  156  10:03  Gateway  
  156  10:04  Disruptor (Chrono Boost)  
  156  10:05  Gateway  
  156  10:06  Zealot x7  
  163  10:08  Gateway  
  163  10:10  Gateway  
  163  10:11  Robotics Facility  
  152  10:26  Stalker  
  152  10:27  Stalker x6  
  164  10:37  Disruptor (Chrono Boost), Probe  
  162  10:43  Probe  
  162  10:44  Zealot, Pylon  
  162  10:49  Probe, Zealot x2  
  160  10:51  Zealot  
  160  10:52  Zealot x4  
  170  10:58  Disruptor (Chrono Boost)  
  163  11:05  Zealot x3  
  163  11:06  Disruptor (Chrono Boost)  
  163  11:11  Zealot x3  
  165  11:13  Zealot x3  
  163  11:20  High Templar x3  
  169  11:26  Probe  
  169  11:27  Probe  
  169  11:28  Zealot x3  
  169  11:44  Pylon  
  169  11:47  Photon Cannon, Zealot x2  
  169  11:49  Zealot  
  169  11:51  Disruptor x2 (Chrono Boost), Shield Battery  
  169  11:53  Protoss Ground Weapons Level 3 (Chrono Boost), High Templar x4  
  189  11:54  High Templar  
  189  11:55  Zealot x4  
  189  11:59  Archon  
  185  12:21  Disruptor (Chrono Boost)  
  185  12:22  Disruptor (Chrono Boost)  
  191  12:25  Photon Cannon  
  191  12:27  Photon Cannon, Shield Battery  
  191  12:32  Zealot x4  
  191  12:34  Blink (Chrono Boost)  
  194  12:38  Zealot x3  
  196  12:51  Nexus  
  196  12:53  Photon Cannon  
  196  12:56  Shield Battery  
  196  12:58  Pylon  
  196  13:00  Zealot x2  
  194  13:14  Probe  
  185  13:26  Zealot x5  
  187  13:29  High Templar x7  
  187  13:33  Archon x2, Pylon  
  187  13:34  Archon  
  198  13:35  Photon Cannon  
  186  13:54  Pylon  
  186  13:55  Zealot x4  
  194  13:58  High Templar  
  194  14:08  Zealot x2  
  185  14:20  Zealot x5  
  183  14:29  Nexus, Zealot x6  
  195  14:32  Zealot  
  197  14:40  Probe  
  197  14:44  Zealot x5  
  182  14:55  High Templar x7  
  182  14:59  Archon x3  
  192  15:05  Zealot x5  
  197  15:08  Assimilator  
  197  15:10  Assimilator  
  189  15:26  High Templar x4  
  189  15:27  High Templar  
  199  15:29  Observer  
  199  15:31  Archon  
  199  15:32  Archon  
  194  15:38  Zealot  
  194  15:39  Zealot x5  
  157  15:53  Zealot  
  147  16:00  Zealot x7  
  147  16:01  Zealot x4  
  161  16:20  Zealot x2  
  161  16:21  Zealot x10  
  167  16:48  High Templar x11  
  167  16:52  Archon x2  
  167  16:53  Archon x3  
  179  17:03  Nexus  
  179  17:05  Zealot  
  181  17:20  High Templar x3  
  166  17:41  Zealot x9  
  168  18:02  Zealot x4  
  168  18:03  Zealot x3  
Show
View Real Time Build Order
Export as new Build Order

simphunter Zerg 

Build Orders: Hatch First, Swarm Host 

Get SALT Encoding   

  12  0:00  Drone  
  13  0:12  Overlord  
  13  0:16  Drone  
  14  0:30  Drone x2  
  16  0:40  Drone  
  17  0:52  Hatchery  
  17  0:54  Drone  
  17  0:57  Drone  
  18  1:08  Extractor  
  17  1:12  Spawning Pool  
  17  1:15  Drone  
  17  1:18  Drone  
  18  1:27  Drone  
  19  1:38  Overlord  
  19  1:51  Drone  
  20  1:59  Queen  
  20  2:01  Drone  
  23  2:05  Drone, Queen  
  26  2:10  Drone  
  26  2:12  Metabolic Boost  
  27  2:15  Zergling x2  
  27  2:21  Zergling x2  
  29  2:25  Drone  
  30  2:32  Drone  
  31  2:39  Hatchery  
  31  2:41  Drone  
  31  2:42  Drone  
  32  2:48  Queen  
  34  2:53  Overlord  
  34  2:59  Overlord  
  34  3:04  Zergling x2, Drone  
  35  3:08  Drone  
  35  3:11  Queen  
  35  3:12  Drone  
  39  3:17  Spore Crawler  
  39  3:19  Drone x2  
  40  3:21  Drone  
  40  3:23  Drone  
  42  3:28  Queen  
  42  3:32  Spore Crawler  
  42  3:33  Drone  
  44  3:36  Drone  
  45  3:43  Drone x2  
  45  3:47  Queen  
  50  3:48  Drone  
  50  3:52  Zergling x2, Spore Crawler  
  50  3:53  Drone  
  51  3:57  Drone  
  51  4:00  Drone x3  
  51  4:02  Zergling x2  
  55  4:04  Drone  
  56  4:10  Overlord  
  56  4:11  Spore Crawler  
  56  4:14  Drone x2  
  57  4:18  Spore Crawler, Overlord  
  57  4:19  Drone  
  57  4:23  Overlord  
  55  4:24  Drone  
  55  4:29  Drone x2  
  58  4:33  Overlord  
  58  4:35  Drone x2  
  58  4:36  Drone  
  58  4:37  Drone x2  
  63  4:39  Drone x2  
  63  4:41  Drone  
  66  4:46  Overlord  
  66  4:47  Queen  
  66  4:51  Drone x2  
  70  4:58  Overlord  
  70  4:59  Drone, Lair  
  71  5:01  Extractor  
  71  5:02  Drone x3  
  71  5:03  Extractor  
  71  5:04  Drone x2  
  74  5:10  Drone  
  75  5:15  Drone x2, Evolution Chamber  
  75  5:17  Roach Warren  
  75  5:19  Zergling x6  
  78  5:21  Drone  
  78  5:22  Drone  
  78  5:23  Drone  
  78  5:24  Overlord  
  78  5:26  Drone  
  78  5:27  Drone  
  83  5:30  Drone  
  83  5:31  Drone  
  83  5:33  Extractor, Overlord  
  83  5:34  Drone  
  85  5:38  Drone  
  85  5:39  Drone  
  86  5:44  Extractor, Zerg Missile Weapons Level 1  
  86  5:46  Drone, Extractor  
  86  5:49  Drone  
  86  5:53  Drone x4  
  86  5:56  Overlord  
  90  5:58  Hatchery  
  90  6:03  Overlord  
  89  6:04  Infestation Pit  
  89  6:06  Drone x2  
  89  6:09  Overlord  
  90  6:12  Overlord  
  90  6:18  Overlord  
  90  6:22  Drone x2  
  90  6:23  Drone x5  
  90  6:25  Overlord  
  97  6:28  Overlord  
  97  6:33  Roach x4  
  97  6:34  Glial Reconstitution  
  97  6:36  Roach  
  97  6:39  Overlord  
  107  6:43  Nydus Network  
  107  6:44  Swarm Host x4  
  118  6:50  Swarm Host x3  
  127  6:54  Extractor  
  127  6:56  Swarm Host  
  127  6:57  Extractor  
  128  7:01  Overlord  
  128  7:04  Swarm Host x2  
  128  7:08  Overlord  
  134  7:12  Swarm Host  
  137  7:17  Overlord  
  137  7:19  Swarm Host, Pneumatized Carapace  
  137  7:22  Zergling x14  
  147  7:24  Overseer  
  147  7:25  Overlord  
  147  7:32  Overlord  
  147  7:35  Nydus Canal  
  148  7:37  Roach x7  
  148  7:38  Roach  
  148  7:42  Roach x2  
  164  7:49  Nydus Canal  
  164  7:51  Roach x4  
  164  7:52  Roach x2  
  164  7:57  Roach x5  
  186  8:00  Overlord  
  186  8:01  Roach  
  186  8:03  Roach  
  186  8:07  Ravager  
  186  8:08  Ravager x2  
  186  8:10  Roach x3  
  192  8:15  Ravager  
  193  8:23  Nydus Canal  
  188  8:35  Drone x2  
  188  8:36  Drone x3  
  188  8:37  Ravager x5  
  188  8:39  Roach x2  
  200  8:42  Nydus Canal  
  198  8:50  Overlord  
  197  8:57  Ravager x2  
  197  9:02  Overseer  
  197  9:03  Nydus Canal  
  197  9:05  Drone x3  
  196  9:12  Roach  
  196  9:13  Zergling x4, Roach  
  198  9:18  Zergling x12, Roach x2  
  198  9:24  Hive, Zerg Missile Weapons Level 2  
  199  9:26  Evolution Chamber  
  199  9:27  Spore Crawler, Spine Crawler  
  199  9:30  Nydus Canal  
  190  9:33  Roach x7  
  183  9:43  Roach x9  
  183  9:44  Nydus Canal  
  190  9:47  Drone x2  
  190  9:50  Roach x2  
  171  10:00  Roach x4  
  171  10:02  Hatchery  
  169  10:07  Roach x3  
  169  10:09  Nydus Canal  
  169  10:12  Roach  
  175  10:14  Ravager  
  175  10:15  Ravager x2  
  175  10:16  Zergling x2, Roach  
  163  10:22  Drone x5  
  163  10:23  Ravager  
  163  10:24  Zergling x4, Ravager, Roach x2  
  163  10:25  Zergling x8  
  180  10:33  Zergling x2, Roach  
  180  10:34  Zergling x2  
  184  10:37  Drone  
  184  10:41  Nydus Canal  
  179  10:50  Ravager x4  
  179  10:53  Drone x13  
  179  10:54  Roach  
  198  11:01  Zergling x2, Roach  
  198  11:07  Overseer  
  198  11:08  Roach  
  198  11:09  Roach  
  169  11:12  Roach x2  
  169  11:15  Roach  
  169  11:18  Nydus Canal, Roach  
  154  11:22  Roach x2  
  154  11:23  Roach x3  
  155  11:27  Roach x2  
  153  11:34  Spire, Roach x3  
  153  11:38  Roach  
  154  11:41  Baneling Nest, Zerg Melee Weapons Level 1  
  154  11:42  Nydus Canal  
  154  11:43  Overseer  
  154  11:45  Drone x3  
  156  11:48  Zergling x6, Hatchery  
  156  11:53  Zergling x12  
  156  11:54  Zergling x8  
  168  12:08  Nydus Canal  
  168  12:11  Overseer  
  168  12:16  Drone x3  
  168  12:18  Spore Crawler  
  168  12:20  Drone x2  
  172  12:30  Centrifical Hooks  
  172  12:34  Nydus Canal  
  172  12:36  Zergling x14  
  172  12:37  Zergling x16  
  184  12:40  Zergling x2  
  183  12:48  Baneling x4  
  183  12:49  Baneling x10  
  183  12:50  Nydus Canal  
  181  12:53  Baneling x6  
  181  12:55  Zergling x24  
  194  12:58  Ravager x4  
  194  12:59  Ravager x2  
  194  13:04  Baneling x2  
  199  13:07  Zergling x2  
  197  13:17  Roach  
  197  13:18  Zergling x6  
  190  13:24  Zergling x30  
  190  13:25  Nydus Canal  
  192  13:30  Ravager x5  
  192  13:33  Drone x3  
  200  13:45  Nydus Canal  
  187  13:49  Zergling x20  
  187  13:50  Zergling x14  
  187  13:52  Baneling x18  
  199  14:08  Baneling x8  
  199  14:09  Baneling  
  187  14:18  Nydus Canal  
  187  14:21  Zergling x26, Roach  
  197  14:26  Hatchery  
  195  14:40  Ravager  
  195  14:42  Ravager x2  
  195  14:43  Baneling x6  
  195  14:44  Nydus Canal  
  193  14:51  Zergling x18  
  193  14:58  Zergling x6  
  195  15:00  Nydus Canal  
  195  15:07  Baneling x26  
  191  15:14  Baneling  
  191  15:15  Baneling x7  
  191  15:16  Zergling x4  
  191  15:17  Zergling x8  
  197  15:30  Zergling x2  
  197  15:31  Zergling x4  
  194  15:38  Zergling x14, Roach  
  141  15:50  Zergling x18, Roach  
  141  15:52  Zergling x2, Roach  
  142  15:57  Roach x2  
  142  16:01  Queen  
  142  16:03  Zergling x2, Roach  
  142  16:07  Baneling  
  142  16:08  Baneling x14  
  142  16:11  Zergling x4, Roach  
  139  16:12  Baneling  
  139  16:13  Baneling x10  
  139  16:15  Roach  
  135  16:20  Zergling x4, Roach  
  135  16:24  Roach  
  140  16:28  Roach  
  142  16:33  Zergling x4, Roach  
  142  16:36  Baneling x2  
  142  16:37  Baneling x2  
  146  16:41  Zergling x2, Roach  
  146  16:42  Zergling x2  
  145  16:53  Hatchery  
  143  17:03  Ravager x5  
  143  17:04  Baneling x3  
  143  17:06  Zergling x10  
  153  17:11  Zergling x2, Roach  
  156  17:17  Roach  
  156  17:18  Roach  
  156  17:19  Zergling x2  
  134  17:39  Zergling x6  
  134  17:40  Zergling x12  
  134  17:41  Ravager x3  
  134  17:42  Ravager  
Tags
 
Add a new tag
Caveats
  • Supply blocks, unpowered buildings, or Contaminate may cause inaccurate times.
  • Supply counts are checked every 10 seconds.